 Dungeon Crawl Stone Soup version 0.25-a0-294-gea9b1ad378 (webtiles) character file.

Game seed: 8526285513164253041, levelgen mode: deterministic

88 MoonlitKnight the Charmwright (level 4, -5/38 HPs)
             Began as a Gnoll Skald on Dec 17, 2019.
             Was an Initiate of Okawaru.
             Killed by nerve-wracking pain
             ... invoked by an orc priest
              (7 damage)
             ... on level 3 of the Dungeon.
             The game lasted 00:03:21 (2040 turns).

MoonlitKnight the Charmwright (Gnoll Skald)         Turns: 2040, Time: 00:03:21

Health: -5/38      AC:  5    Str: 14    XL:     4   Next: 53%
Magic:  2/11       EV: 13    Int: 15    God:    Okawaru [......]
Gold:   91         SH:  0    Dex: 15    Spells: 2/13 levels left

rFire    . . .     SeeInvis .   q - +2 dagger (holy)
rCold    . . .     Gourm    .   (no shield)
rNeg     . . .     Faith    .   i - +0 ring mail
rPois    .         Spirit   .   (no helmet)
rElec    .         Reflect  .   (no cloak)
rCorr    .         Harm     .   (no gloves)
MR       .....                  (no boots)
Stlth    +.........             (no amulet)
HPRegen  0.12/turn              (no ring)
MPRegen  0.12/turn              (no ring)

@: very slightly contaminated
A: distributed training, fangs 1, strong nose
a: Renounce Religion


You were on level 3 of the Dungeon.
You worshipped Okawaru.
Okawaru was noncommittal.
You were very hungry.

You visited 1 branch of the dungeon, and saw 3 of its levels.

You collected 91 gold pieces.

Inventory:

Hand Weapons
 a - a +0 spear
 q - a +2 dagger of holy wrath (weapon)
Missiles
 m - 15 sling bullets
 p - 21 poisoned darts (quivered)
Armour
 i - a +0 ring mail (worn)
Jewellery
 b - an uncursed ring of protection from cold {unknown}
 c - a cursed amulet of inaccuracy {unknown}
 e - an uncursed amulet of guardian spirit {unknown}
 n - an uncursed ring of wizardry {unknown}
Scrolls
 f - a scroll of remove curse {unknown}
 g - a scroll of magic mapping {unknown}
 h - 2 scrolls of fog {unknown}
 j - a scroll of fear {unknown}
 k - a scroll of blinking {unknown}
 l - a scroll of identify {unknown}
 r - a scroll of enchant armour {unknown}
Potions
 o - a potion of invisibility {unknown}
Comestibles
 d - 3 rations


   Skills:
 + Level 4.6 Fighting
 + Level 1.1 Short Blades
 + Level 1.1 Long Blades
 + Level 1.1 Axes
 + Level 1.1 Maces & Flails
 + Level 4.6 Polearms
 + Level 1.1 Staves
 + Level 1.1 Slings
 + Level 1.1 Bows
 + Level 1.1 Crossbows
 + Level 1.1 Throwing
 + Level 2.7 Armour
 + Level 4.6 Dodging
 + Level 1.1 Stealth
 + Level 1.1 Shields
 + Level 1.1 Unarmed Combat
 + Level 5.1 Spellcasting
 + Level 0.9 Conjurations
 + Level 0.9 Hexes
 + Level 5.4 Charms
 + Level 0.9 Summonings
 + Level 0.9 Necromancy
 + Level 0.9 Translocations
 + Level 0.9 Transmutations
 + Level 0.9 Fire Magic
 + Level 0.9 Ice Magic
 + Level 0.9 Air Magic
 + Level 0.9 Earth Magic
 + Level 0.9 Poison Magic
 + Level 1.2 Invocations
 + Level 1.1 Evocations


You had 2 spell levels left.
You knew the following spells:

 Your Spells              Type           Power        Failure   Level  Hunger
a - Infusion              Chrm           ###.         3%          1    None
b - Shroud of Golubria    Chrm/Tloc      ##....       13%         2    ##.....
c - Spectral Weapon       Hex/Chrm       ##......     26%         3    ###....
d - Regeneration          Chrm/Necr      ##........   26%         3    ###....
e - Song of Slaying       Chrm           ###.....     4%          2    ##.....

Your spell library contained the following spells:

 Spells                   Type           Power        Failure   Level  Hunger


Dungeon Overview and Level Annotations

Branches:
Dungeon (3/15)

Altars:
Okawaru


Innate Abilities, Weirdness & Mutations

Your experience applies equally to all skills.
You have very sharp teeth.
Your uncanny sense of smell can sniff out nearby items.


Message History

A magic dart appears from out of thin air!
The magic dart hits your spectral weapon.
Your spectral weapon shares its damage with you!
Your spectral weapon fades away.
Unknown command.
Unknown command.
Casting: Regeneration (safe; 26% risk of failure)
Confirm with . or Enter, or press ? or * to list all spells.
You miscast Regeneration.
Multicoloured lights dance before your eyes!
You are feeling very hungry.
Casting: Regeneration (safe; 26% risk of failure)
Confirm with . or Enter, or press ? or * to list all spells.
You don't have enough magic to cast that spell.
You hear some strange, mumbled words.
Something tries to affect you, but you resist.
You closely miss the orc priest.
The orc priest calls down the wrath of Beogh upon you.
Pain shoots through your body!
You die...

.#.#.....# #.. ##.#....##
#.# #.###...##########.#
#.....>.............#
...###.#...#.#### #.##
...###.###(#.######..#####
..................o......+
<........(.#.##o###..#####
...#####.###.##.@##.o#
...# #.....###.##.### ...#
########..##...# ...#
#..##..##.# #### #.###>.#
..# #.#.o##..#.# #.?#.#
.##.. .... ... ## .# ....
....# .#


You could see an orc priest.

Vanquished Creatures
  A worker ant (D:2)
  An adder (D:2)
  2 worms
  2 dart slugs
  A leopard gecko (D:1)
  2 orcs (D:3)
  3 giant cockroaches
  3 goblins
  4 hobgoblins
  4 jackals (D:2)
  6 kobolds
  2 quokkas (D:2)
  4 bats (D:1)
  3 frilled lizards (D:1)
  4 rats
42 creatures vanquished.

Vanquished Creatures (others)
  A spectral weapon (D:3)
1 creature vanquished.

Grand Total: 43 creatures vanquished

Notes
Turn   | Place    | Note
-------+----------+-------------------------------------------
     0 | D:1      | MoonlitKnight the Gnoll Skald began the quest for the Orb.
     0 | D:1      | Reached XP level 1. HP: 20/20 MP: 6/6
   133 | D:1      | Reached XP level 2. HP: 21/26 MP: 7/7
   800 | D:1      | Found an iron altar of Okawaru.
   813 | D:1      | Became a worshipper of Warmaster Okawaru
   900 | D:2      | Learned a level 2 spell: Shroud of Golubria
   906 | D:2      | Reached XP level 3. HP: 31/31 MP: 9/9
   916 | D:2      | Learned a level 3 spell: Spectral Weapon
   920 | D:2      | Learned a level 3 spell: Regeneration
   923 | D:2      | Learned a level 2 spell: Song of Slaying
   938 | D:2      | Reached skill level 5 in Spellcasting
  1103 | D:2      | Reached skill level 1 in Invocations
  1370 | D:2      | Reached skill level 1 in Short Blades
  1370 | D:2      | Reached skill level 1 in Long Blades
  1370 | D:2      | Reached skill level 1 in Axes
  1370 | D:2      | Reached skill level 1 in Maces & Flails
  1370 | D:2      | Reached skill level 1 in Staves
  1370 | D:2      | Reached skill level 1 in Slings
  1370 | D:2      | Reached skill level 1 in Bows
  1370 | D:2      | Reached skill level 1 in Crossbows
  1370 | D:2      | Reached skill level 1 in Throwing
  1370 | D:2      | Reached skill level 1 in Stealth
  1370 | D:2      | Reached skill level 1 in Shields
  1370 | D:2      | Reached skill level 1 in Unarmed Combat
  1370 | D:2      | Reached skill level 1 in Evocations
  1463 | D:2      | Reached XP level 4. HP: 38/38 MP: 11/11
  2026 | D:3      | HP: 1/38 [something (2)]
  2040 | D:3      | Killed from afar by an orc priest

Levels and vault maps discovered:
D:1:      evilmike_arrival_run_for_it, layout_basic, okawaru_ov_weapons_minmay
D:2:      layout_basic, kennysheep_cross_bottleneck
D:3:      layout_basic, st_stairs_7

Skill      XL: |  1  2  3 |
---------------+----------+-----
Spellcasting   | 5 |  5.1
Invocations    | 1 |  1.2
Short Blades   | 1 |  1.1
Long Blades    | 1 |  1.1
Axes           | 1 |  1.1
Maces & Flails | 1 |  1.1
Staves         | 1 |  1.1
Slings         | 1 |  1.1
Bows           | 1 |  1.1
Crossbows      | 1 |  1.1
Throwing       | 1 |  1.1
Stealth        | 1 |  1.1
Shields        | 1 |  1.1
Unarmed Combat | 1 |  1.1
Evocations     | 1 |  1.1
Fighting       | |  4.6
Polearms       | |  4.6
Armour         | |  2.7
Dodging        | |  4.6
Conjurations   | |  0.9
Hexes          | |  0.9
Charms         | |  5.4
Summonings     | |  0.9
Necromancy     | |  0.9
Translocations | |  0.9
Transmutations | |  0.9
Fire Magic     | |  0.9
Ice Magic      | |  0.9
Air Magic      | |  0.9
Earth Magic    | |  0.9
Poison Magic   | |  0.9

Action                   |  1- 3 |  4- 6 || total
-------------------------+-------+-------++-------
Melee: Spear             |   145 |       ||   145
       Bite              |     6 |     5 ||    11
       Dagger            |       |    48 ||    48
       Punch             |       |     1 ||     1
 Cast: Shroud of Golubri |     1 |       ||     1
       Regeneration      |       |     1 ||     1
       Spectral Weapon   |       |     1 ||     1
  Eat: Chunk             |     2 |     1 ||     3
Armor: Leather armour    |     5 |       ||     5
       Ring mail         |    18 |    17 ||    35
Dodge: Dodged            |    76 |    25 ||   101

Table legend:
 A = Non-vault XP
 B = Vault XP
 C = Vault XP percentage of total XP
 D = Non-vault monster count
 E = Vault monster count
 F = Vault count percentage of total count
                 A         B        C        D         E       F
            +---------+---------+-------+---------+---------+-------
      Total |     119 |       7 |   5.6 |      40 |       2 |   4.8
            +---------+---------+-------+---------+---------+-------
        D:1 |      28 |       5 |  15.2 |      18 |       1 |   5.3
        D:2 |      83 |       0 |   0.0 |      19 |       0 |   0.0
        D:3 |       8 |       2 |  20.0 |       3 |       1 |  25.0
            +---------+---------+-------+---------+---------+-------
